Map: Ruins of Seras

Players

Neuro

  • Race: Zerg Zerg
  • League: Grandmaster

BowmanSX (bowman) - Winner!

  • Race: Protoss Protoss
  • League: Grandmaster

VOD

Have the link to the VOD?

Description

Time

  • Played on: Dec. 23, 2015, 9:21 p.m.
  • Length: 31:44
Show
View Real Time Build Order
Export as new Build Order

Neuro Zerg 

Build Orders: Hatch First, Lurkers 

Get SALT Encoding   

  12  0:03  Drone  
  13  0:08  Drone  
  14  0:17  Overlord  
  14  0:22  Extractor  
  14  0:23  Drone  
  15  0:43  Drone x2  
  17  0:55  Hatchery  
  16  0:57  Drone  
  16  1:00  Drone  
  18  1:09  Extractor  
  17  1:16  Spawning Pool  
  16  1:19  Drone  
  16  1:22  Drone  
  18  1:29  Drone  
  19  1:39  Drone  
  20  1:55  Drone  
  21  2:06  Drone, Queen  
  24  2:11  Queen  
  24  2:13  Metabolic Boost  
  26  2:18  Overlord  
  26  2:20  Zergling x4  
  28  2:27  Drone, Extractor  
  29  2:37  Drone x2  
  31  2:47  Hatchery  
  30  2:51  Drone  
  30  2:57  Drone x2  
  33  2:59  Drone  
  33  3:00  Drone  
  35  3:08  Drone  
  35  3:11  Overlord  
  36  3:20  Overlord x2  
  36  3:29  Evolution Chamber  
  36  3:30  Evolution Chamber  
  36  3:31  Zergling x6  
  37  3:35  Drone  
  37  3:36  Drone  
  37  3:40  Drone x2  
  41  3:50  Drone x4  
  45  3:56  Drone x3  
  45  4:00  Zerg Melee Weapons Level 1  
  47  4:04  Lair  
  47  4:09  Drone x2  
  50  4:10  Drone  
  50  4:16  Spore Crawler  
  48  4:31  Spore Crawler  
  48  4:33  Drone x10  
  48  4:37  Spore Crawler  
  56  4:47  Extractor  
  56  4:50  Drone x5, Extractor  
  56  4:51  Extractor, Queen  
  60  4:55  Zerg Ground Armor Level 1, Extractor  
  60  4:56  Extractor  
  57  5:16  Drone x8  
  65  5:24  Overlord x4  
  65  5:25  Baneling Nest  
  65  5:27  Hydralisk Den  
  63  5:31  Pneumatized Carapace  
  63  5:32  Overseer  
  63  5:43  Drone x5  
  63  5:45  Drone x2  
  63  5:47  Drone x2  
  72  5:50  Hatchery  
  72  5:54  Zerg Missile Weapons Level 1, Drone x3  
  74  5:58  Lurker Den  
  74  6:09  Centrifical Hooks  
  74  6:16  Overlord x4  
  74  6:26  Extractor  
  73  6:37  Hydralisk  
  73  6:38  Hydralisk x8  
  91  6:47  Zergling x22  
  97  6:50  Burrow  
  102  7:10  Drone x6  
  102  7:11  Drone x4  
  102  7:14  Zerg Ground Armor Level 2  
  112  7:28  Overlord  
  112  7:29  Overlord x7  
  111  7:48  Zerg Melee Weapons Level 2  
  111  7:50  Muscular Augments  
  111  7:52  Infestation Pit  
  111  7:55  Lurker  
  111  7:56  Lurker x3  
  111  8:19  Spore Crawler  
  109  8:20  Drone x4, Spine Crawler  
  109  8:21  Spine Crawler  
  109  8:26  Spire  
  110  8:31  Zergling x16  
  110  8:32  Zergling x22  
  110  8:33  Baneling x3  
  110  8:34  Baneling x12  
  129  8:40  Queen  
  133  8:43  Hive  
  133  8:44  Queen  
  133  8:45  Extractor  
  133  8:46  Queen  
  133  8:47  Extractor  
  133  9:01  Hatchery  
  132  9:09  Hatchery  
  131  9:13  Zergling x26  
  131  9:14  Zergling x8  
  141  9:33  Hydralisk x6  
  141  9:34  Overlord x3  
  146  9:39  Queen x2  
  146  9:57  Greater Spire  
  146  10:01  Overseer  
  137  10:18  Baneling x21  
  137  10:19  Baneling x2  
  137  10:20  Baneling x11  
  130  10:25  Zergling x40  
  130  10:26  Zergling x8  
  130  10:28  Zerg Ground Armor Level 3  
  154  10:31  Zerg Melee Weapons Level 3  
  129  10:46  Zergling x6  
  104  10:52  Hydralisk x2  
  88  10:59  Drone x3  
  83  11:06  Hatchery  
  82  11:18  Corruptor x3  
  88  11:30  Drone x8  
  89  11:51  Zergling x22  
  99  12:11  Brood Lord x3  
  99  12:19  Lurker  
  95  12:24  Zergling x26  
  103  12:36  Extractor  
  102  12:37  Overseer, Extractor  
  101  12:44  Hydralisk  
  101  12:45  Hydralisk x5  
  113  12:52  Drone x3  
  113  12:53  Drone x2  
  118  13:11  Hydralisk x9  
  135  13:18  Ultralisk Cavern  
  135  13:19  Spore Crawler, Spine Crawler  
  132  13:20  Drone, Spine Crawler  
  132  13:21  Drone x4, Extractor  
  132  13:22  Extractor  
  134  13:33  Overseer  
  134  13:44  Baneling x6  
  134  13:45  Baneling x21  
  134  13:48  Zergling x10  
  139  13:50  Overseer  
  139  14:07  Chitinous Plating  
  138  14:15  Hatchery  
  133  14:22  Overseer  
  127  14:30  Spore Crawler  
  124  14:35  Drone x7  
  131  14:40  Lurker x4  
  117  15:00  Ultralisk  
  117  15:01  Drone x5  
  117  15:02  Drone x5  
  121  15:14  Ultralisk  
  121  15:15  Drone x4  
  121  15:16  Drone x4  
  121  15:29  Overseer  
  121  15:31  Drone x6  
  127  15:46  Overseer  
  121  16:04  Viper x2  
  121  16:07  Spore Crawler  
  121  16:11  Drone x8  
  131  16:15  Drone x2  
  134  16:47  Drone x15  
  134  16:48  Drone  
  134  16:51  Drone  
  134  16:52  Drone  
  149  17:03  Overseer  
  149  17:13  Hatchery  
  144  17:23  Drone x6  
  144  17:31  Drone x4  
  144  17:32  Drone  
  144  17:36  Spore Crawler  
  148  17:44  Overlord x4  
  136  18:38  Viper x5  
  136  18:52  Extractor  
  136  18:53  Extractor  
  131  18:57  Hatchery  
  131  19:02  Ultralisk x3  
  148  19:14  Drone  
  149  19:33  Zergling x24  
  158  19:43  Hydralisk  
  158  19:45  Overlord x2  
  160  19:51  Zergling x4  
  111  20:39  Zergling x30  
  112  20:45  Zergling x2  
  94  20:52  Ultralisk  
  94  20:53  Zergling x4  
  101  21:01  Drone x4  
  105  21:20  Zergling x4  
  107  21:30  Hatchery, Adrenal Glands  
  106  22:03  Zergling x8  
  106  22:04  Zergling x14  
  115  22:11  Zergling x2  
  116  22:18  Overseer  
  116  22:48  Hydralisk  
  116  22:49  Hydralisk x7  
  131  23:16  Zergling x20  
  136  23:37  Drone x2  
  136  23:38  Drone x6  
  144  23:43  Drone  
  144  23:46  Lurker  
  144  24:24  Drone x3  
  144  24:25  Drone x2, Spore Crawler  
  144  24:27  Drone x5  
  153  24:44  Drone x10  
  160  25:20  Spire  
  154  25:47  Ultralisk  
  154  25:48  Overlord x4  
  154  25:49  Overlord x4  
  153  26:12  Hatchery  
  111  26:42  Hydralisk x11  
  121  26:52  Hydralisk  
  98  27:01  Hydralisk  
  98  27:02  Hydralisk x2  
  98  27:07  Corruptor x2  
  98  27:08  Corruptor  
  108  27:22  Drone  
  109  27:26  Viper x4  
  121  27:31  Drone x3  
  124  27:40  Zerg Flyer Armor Level 1  
  124  27:52  Corruptor x2  
  128  28:02  Corruptor  
  130  28:28  Corruptor x2  
  130  28:30  Spawning Pool  
  115  28:48  Corruptor  
  115  28:49  Corruptor x2  
  114  29:06  Hatchery  
  113  29:20  Corruptor x2  
  114  29:47  Overseer  
  111  30:22  Corruptor x2  
  111  30:23  Corruptor x5  
  125  30:32  Drone x4  
  128  30:53  Corruptor x3  
  134  30:57  Extractor  
  134  30:58  Extractor  
Show
View Real Time Build Order
Export as new Build Order

BowmanSX Protoss - Winner!

Build Orders: Zealot Archon 

Get SALT Encoding   

  12  0:01  Probe (Chrono Boost)  
  13  0:11  Probe (Chrono Boost)  
  14  0:19  Pylon  
  14  0:23  Probe (Chrono Boost)  
  15  0:38  Probe (Chrono Boost)  
  16  0:45  Assimilator  
  16  0:48  Probe (Chrono Boost)  
  17  0:59  Probe (Chrono Boost)  
  18  1:08  Nexus  
  18  1:11  Probe (Chrono Boost)  
  19  1:22  Gateway  
  19  1:25  Probe (Chrono Boost)  
  20  1:31  Assimilator  
  20  1:36  Probe (Chrono Boost)  
  21  1:46  Probe (Chrono Boost)  
  22  1:56  Pylon  
  22  1:57  Probe (Chrono Boost)  
  22  2:01  Gateway  
  23  2:13  Cybernetics Core  
  23  2:14  Probe (Chrono Boost)  
  24  2:21  Probe (Chrono Boost)  
  25  2:24  Probe (Chrono Boost)  
  26  2:31  Probe (Chrono Boost)  
  26  2:35  Probe (Chrono Boost)  
  28  2:42  Probe (Chrono Boost)  
  29  2:45  Probe (Chrono Boost)  
  29  2:49  Adept x2 (Chrono Boost)  
  29  2:50  Warp Gate  
  34  2:53  Mothership Core  
  36  2:58  Probe  
  37  3:07  Stargate  
  37  3:10  Probe  
  38  3:14  Probe  
  38  3:19  Sentry (Chrono Boost), Adept (Chrono Boost)  
  42  3:23  Probe  
  42  3:26  Probe (Chrono Boost)  
  44  3:28  Pylon  
  44  3:35  Probe (Chrono Boost)  
  44  3:38  Probe (Chrono Boost)  
  46  3:44  Forge  
  46  3:47  Sentry, Probe (Chrono Boost), Adept  
  51  3:49  Probe (Chrono Boost)  
  52  3:57  Probe (Chrono Boost)  
  52  4:00  Probe (Chrono Boost)  
  50  4:07  Pylon  
  50  4:08  Probe (Chrono Boost), Assimilator  
  51  4:12  Assimilator  
  51  4:17  Probe (Chrono Boost)  
  51  4:18  Probe (Chrono Boost)  
  51  4:22  Twilight Council, Protoss Ground Weapons Level 1  
  53  4:28  Probe (Chrono Boost)  
  54  4:38  Void Ray  
  54  4:43  Probe x2 (Chrono Boost)  
  60  4:47  Pylon  
  60  4:50  Pylon  
  60  4:53  Probe (Chrono Boost)  
  60  4:55  Nexus  
  60  4:56  Pylon  
  60  4:57  Probe (Chrono Boost)  
  62  5:05  Charge  
  62  5:10  Probe x2 (Chrono Boost)  
  64  5:20  Probe (Chrono Boost)  
  64  5:21  Probe (Chrono Boost)  
  66  5:31  Gateway, Probe (Chrono Boost)  
  66  5:32  Gateway  
  66  5:34  Probe (Chrono Boost)  
  66  5:35  Gateway  
  68  5:36  Gateway  
  68  5:43  Oracle  
  68  5:48  Probe (Chrono Boost)  
  68  5:49  Probe (Chrono Boost)  
  73  5:55  Robotics Facility  
  73  5:58  Gateway  
  73  6:00  Gateway  
  73  6:07  Protoss Ground Weapons Level 2  
  73  6:08  Gateway  
  73  6:09  Gateway  
  73  6:13  Probe x3 (Chrono Boost)  
  76  6:23  Probe x2 (Chrono Boost)  
  78  6:26  Probe (Chrono Boost)  
  78  6:28  Assimilator  
  78  6:29  Assimilator  
  79  6:33  Templar Archives  
  79  6:34  Probe (Chrono Boost)  
  80  6:41  Probe (Chrono Boost)  
  80  6:42  Probe (Chrono Boost)  
  82  6:49  Probe (Chrono Boost), Immortal  
  87  6:54  Void Ray (Chrono Boost)  
  87  6:55  Robotics Facility  
  87  7:11  Protoss Air Weapons Level 1  
  87  7:13  High Templar x2  
  87  7:14  Zealot x5  
  101  7:18  Pylon  
  101  7:19  Pylon  
  101  7:29  Pylon  
  101  7:31  Pylon, Warp Prism  
  101  7:36  Probe x3  
  109  7:40  Archon  
  109  7:41  Zealot, High Templar x2  
  116  7:47  Nexus  
  116  7:56  Zealot, High Templar x2  
  116  7:57  Zealot x4  
  130  7:59  Void Ray (Chrono Boost)  
  130  8:02  Archon  
  129  8:06  Archon  
  129  8:08  Immortal  
  133  8:20  Pylon  
  133  8:21  Nexus  
  133  8:22  Pylon  
  133  8:26  Pylon  
  133  8:28  Pylon  
  133  8:30  Dark Shrine, Pylon  
  133  8:32  Pylon  
  133  8:34  Observer  
  132  8:51  High Templar x2  
  132  8:52  Zealot x3  
  142  8:55  Archon  
  142  9:03  Stalker x2, Adept x2  
  142  9:04  Stalker  
  142  9:07  Photon Cannon  
  142  9:09  Pylon  
  152  9:10  Pylon  
  140  9:17  Zealot x3  
  140  9:20  Pylon  
  140  9:21  Photon Cannon  
  143  9:26  Zealot x2  
  143  9:27  Zealot x2  
  134  9:36  Probe x3  
  116  9:55  High Templar x3  
  116  9:56  High Templar x3  
  116  9:57  Zealot x2  
  132  10:01  Archon  
  132  10:02  Archon x2  
  130  10:10  Probe  
  130  10:13  Probe  
  129  10:14  Probe  
  129  10:21  Probe  
  129  10:22  High Templar  
  129  10:23  High Templar  
  129  10:27  Zealot  
  129  10:28  Zealot x3  
  140  10:29  Archon  
  124  10:46  Zealot x2  
  67  10:59  Probe x2, Zealot x3, High Templar x2  
  67  11:00  Zealot  
  67  11:01  Probe  
  70  11:05  Assimilator  
  70  11:06  Archon, Assimilator  
  70  11:16  Zealot x2  
  74  11:19  Probe x2  
  74  11:21  Probe  
  77  11:29  Probe  
  77  11:31  Dark Shrine  
  78  11:41  Zealot x3  
  82  12:05  Probe x2  
  82  12:07  Probe  
  81  12:15  Probe x2  
  73  12:19  Probe  
  76  12:27  Pylon  
  76  12:29  Pylon  
  68  12:31  Immortal (Chrono Boost)  
  68  12:37  High Templar x2  
  68  12:38  High Templar x2  
  68  12:39  Zealot x4  
  68  12:42  Probe x2  
  68  12:44  Probe  
  87  12:50  Archon x2  
  87  12:53  Probe x2  
  87  12:56  Probe, Void Ray (Chrono Boost)  
  87  12:57  Warp Prism (Chrono Boost)  
  92  13:05  Probe  
  97  13:10  Blink  
  95  13:12  High Templar  
  95  13:13  Zealot x3, High Templar  
  95  13:14  Zealot x2  
  95  13:17  Archon  
  109  13:21  Dark Templar x2  
  109  13:24  Dark Templar  
  115  13:46  Zealot x3, High Templar x2  
  115  13:47  Zealot  
  127  13:51  Archon  
  127  13:54  Zealot x3  
  133  14:03  High Templar  
  135  14:29  Void Ray  
  133  14:37  Immortal (Chrono Boost)  
  133  14:38  Immortal (Chrono Boost)  
  145  14:52  Nexus  
  145  14:54  Pylon  
  139  15:17  Immortal x2 (Chrono Boost)  
  139  15:19  High Templar  
  139  15:20  Stalker x6  
  139  15:21  Stalker x2  
  163  15:25  Archon  
  161  15:37  Forge  
  161  15:40  Assimilator  
  161  15:44  Assimilator  
  161  15:54  Immortal (Chrono Boost)  
  161  15:55  Immortal (Chrono Boost)  
  161  15:56  High Templar  
  161  15:57  Stalker x2, High Templar x3  
  173  15:58  Stalker  
  173  16:00  Archon  
  173  16:01  Archon  
  183  16:08  Oracle  
  183  16:26  Pylon  
  183  16:34  Dark Templar  
  185  16:40  Zealot x2  
  189  16:53  Resonating Glaives  
  187  16:55  Dark Templar x4  
  187  16:56  Zealot x2  
  189  17:19  Robotics Facility  
  189  17:21  Robotics Bay  
  187  17:24  Dark Templar x2  
  187  17:25  Zealot x4  
  183  17:56  Dark Templar x3, Zealot  
  183  17:57  Zealot x4  
  197  18:08  Protoss Ground Weapons Level 3 (Chrono Boost)  
  193  18:16  Zealot x2  
  193  18:17  Zealot  
  197  18:22  Stargate  
  197  18:23  Stargate  
  191  18:38  Photon Cannon  
  191  18:42  Pylon  
  191  18:43  Adept x2, Photon Cannon x2  
  191  18:44  Adept x2, Photon Cannon  
  191  18:46  Photon Cannon  
  191  18:47  Photon Cannon  
  187  19:05  Fleet Beacon  
  187  19:16  Nexus  
  187  19:17  Pylon  
  187  19:19  Pylon  
  187  19:24  Assimilator  
  187  19:29  Dark Templar x2  
  187  19:30  Assimilator  
  185  19:40  Adept  
  185  19:41  Adept x2  
  181  19:58  Warp Prism  
  183  20:00  Gravitic Drive  
  183  20:04  Photon Cannon  
  183  20:06  Photon Cannon  
  183  20:09  Photon Cannon  
  183  20:11  Photon Cannon  
  183  20:13  Photon Cannon  
  183  20:14  Photon Cannon  
  183  20:16  Psionic Storm  
  169  20:31  Tempest  
  143  20:37  Tempest x2  
  125  20:56  High Templar x3  
  125  20:57  High Templar x2  
  135  21:13  Tempest  
  135  21:20  Tempest x2  
  147  21:26  High Templar x2  
  147  21:28  Stalker  
  147  21:30  Stalker  
  147  21:31  Archon  
  155  21:32  Probe  
  156  21:43  Probe  
  157  21:49  Dark Templar x3  
  159  22:13  Stalker x2  
  159  22:14  Stalker x5  
  173  22:34  Pylon  
  173  22:39  Protoss Shields Level 1 (Chrono Boost)  
  162  23:11  Nexus  
  162  23:15  Pylon  
  162  23:18  Assimilator  
  162  23:22  Assimilator  
  162  23:26  Pylon  
  150  23:29  Tempest  
  150  23:30  Pylon  
  148  23:35  Tempest x2  
  148  23:38  High Templar x2  
  148  23:39  Dark Templar x2  
  168  23:42  Zealot x3  
  168  23:43  Zealot x3  
  180  23:52  Immortal  
  168  24:12  Oracle  
  165  24:19  Protoss Ground Armor Level 1 (Chrono Boost)  
  165  24:20  Dark Templar x2  
  172  24:32  Photon Cannon  
  172  24:33  Photon Cannon  
  172  24:35  Photon Cannon  
  172  24:38  Photon Cannon  
  172  24:40  Photon Cannon  
  172  24:43  Photon Cannon  
  172  24:45  Photon Cannon  
  172  24:51  Photon Cannon  
  168  24:53  Gateway  
  168  24:59  Tempest  
  168  25:05  Tempest x2  
  180  25:10  Dark Templar  
  180  25:13  Probe  
  182  25:17  Mothership Core  
  185  25:24  Probe  
  186  25:37  Oracle  
  181  25:45  Dark Templar x2  
  181  25:47  Dark Templar x2  
  181  25:49  Zealot x5  
  198  25:50  Zealot  
  200  26:12  Tempest  
  200  26:18  Tempest  
  188  26:19  Tempest  
  122  26:48  Zealot x4, Archon  
  122  26:51  Dark Templar  
  122  26:52  Dark Templar x2  
  134  26:57  Tempest  
  128  27:23  Colossus x2  
  128  27:29  Probe  
  141  27:40  Probe, Oracle  
  141  27:41  Observer  
  143  27:47  Zealot x3  
  143  27:50  Nexus  
  143  27:51  Pylon  
  146  27:53  Pylon  
  146  28:00  Observer  
  147  28:16  Assimilator  
  147  28:18  Assimilator  
  147  28:19  Photon Cannon  
  147  28:21  Photon Cannon  
  147  28:25  Photon Cannon  
  147  28:26  Adept x3  
  147  28:27  Adept x5  
  155  28:28  Adept  
  146  28:52  Nexus  
  146  28:55  Photon Cannon x2  
  146  28:57  Photon Cannon  
  146  28:59  Photon Cannon  
  146  29:01  Tempest, Photon Cannon  
  146  29:07  Tempest x2  
  158  29:16  Extended Thermal Lance  
  156  29:19  Protoss Ground Armor Level 2 (Chrono Boost)  
  156  29:32  Dark Templar x2  
  156  29:35  Zealot  
  156  29:36  Zealot x5  
  156  29:37  Zealot x3  
  170  30:02  High Templar  
  170  30:03  High Templar x2  
  176  30:11  Carrier  
  173  30:22  Nexus  
  173  30:25  Zealot x5  
  173  30:26  Zealot x2  
  193  30:35  Pylon  
  193  30:37  Pylon  
  193  30:47  Dark Templar x3  
  199  31:08  Archon  
Tags
 
Add a new tag
Caveats
  • Supply blocks, unpowered buildings, or Contaminate may cause inaccurate times.
  • Supply counts are checked every 10 seconds.